 Dungeon Crawl Stone Soup version 0.29.1-15-g9cfb28693d (webtiles) character file.

Game seed: 6848487188775246025

23 Giancarlo the Trooper (level 2, -2/27 HPs)
             Began as a Minotaur Abyssal Knight on Mar 3, 2023.
             Was a Believer of Lugonu.
             Slain by Natasha (7 damage)
             ... on level 2 of the Dungeon.
             The game lasted 00:18:45 (959 turns).

Giancarlo the Trooper (Minotaur Abyssal Knight)      Turns: 959, Time: 00:18:45

Health: -2/27      AC:  6    Str: 17    XL:     2   Next: 75%
Magic:  1/2        EV:  9    Int:  7    God:    Lugonu [**....]
Gold:   53         SH:  0    Dex: 10    Spells: 1/1 levels left

rFire   . . .      SeeInvis .   a - +2 hand axe
rCold   . . .      Faith    .   (no shield)
rNeg    . . .      Spirit   .   c - +0 scale mail
rPois   .          Reflect  .   (helmet restricted)
rElec   .          Harm     .   (no cloak)
rCorr   .          Rampage  .   (no gloves)
Will    .....                   (no boots)
Stlth   ..........              (no amulet)
HPRegen 0.09/turn               (no ring)
MPRegen 0.08/turn               (no ring)

@: slowed, very slow
A: horns 2, retaliatory headbutt
a: Renounce Religion, Depart the Abyss, Bend Space


You were on level 2 of the Dungeon.
You worshipped Lugonu.
Lugonu was pleased with you.
You visited 1 branch of the dungeon, and saw 2 of its levels.
You visited the Abyss 1 time.

You collected 53 gold pieces.

Inventory:

Hand Weapons
 a - a +2 hand axe (weapon)
Armour
 b - a +0 leather armour
 c - a +0 scale mail (worn)
Magical Staves
 d - a staff of conjuration


   Skills:
 + Level 4.0 Fighting
 + Level 2.9 Axes
 + Level 2.5 Armour
 + Level 1.2 Dodging
 + Level 0.3 Stealth
 + Level 2.3 Invocations


You had one spell level left.
You didn't know any spells.
Your spell library was empty.

Dungeon Overview and Level Annotations

Branches:
Dungeon (2/15)

Altars:

Annotations:
D:2 Natasha


Innate Abilities, Weirdness & Mutations

You have a pair of horns on your head.
You reflexively headbutt those who attack you in melee.


Message History

The worm bites you but does no damage.
You slash the worm! Your headbutt misses the worm.
The worm is almost dead.
The worm barely misses you. You furiously retaliate!
You headbutt the worm!
You kill the worm!
Lugonu accepts your kill.
Your Fighting skill increases to level 4!
You start resting.
HP restored.
Found 6 stones.
You see here a worm corpse.
You see here a worm corpse.
You see here 6 stones.
Found 9 gold pieces.
Found a spear.
Natasha, Servant of Life and Death comes into view.
Natasha hisses angrily.
Natasha extends her claws.
Natasha casts a spell at you.
You feel yourself slow down. Natasha casts a spell at you.
You resist with significant effort.
Natasha casts a spell.
Natasha claws you but does no damage.
Natasha mumbles some strange words.
The crimson imp shouts, "Scamper hence, thou qualling fen-sucked pumpion!"
You barely miss the crimson imp. You closely miss Natasha. Natasha claws you.
The crimson imp hits you but does no damage.
Natasha claws you! Space bends violently around you!
You blink.
The crimson imp disappears in a puff of smoke!
Natasha stares at you and mumbles some strange words.
You feel as though you will be slow longer.
Natasha stares at you and mumbles some strange words.
The magic dart hits you!
* * * LOW HITPOINT WARNING * * *
Natasha extends her claws.
You are too injured to fight recklessly!
Natasha attacks as you move away! Natasha claws you!
You die...

#.#(# #.#.# # ### #.#.#
#. ..# #.#.# #.. #.#
#.#.# #.. #.###.#.#
#.###.#...#.#
#>..h.5...#.#
#..@#.#.#.#.#
###.....#...#
########<#...##h.#####...
#........#.........h5....
#.#####..#.#.###5######$.
#.# #..#.#.# #ยง.....#
#.# ####.#.# #.####.# #.#
#.#.# #.# #.########.#.#
#.#


You could see Natasha and a crimson imp (summoned).

Vanquished Creatures
  A worm (D:2)
  An endoplasm (D:2)
  2 giant cockroaches (D:1)
  3 goblins (D:1)
  3 quokkas (D:1)
  3 ball pythons
  4 bats (D:1)
  A kobold (D:1)
  2 rats
20 creatures vanquished.

Notes
Turn   | Place    | Note
-------+----------+-------------------------------------------
     0 | Abyss:1  | Giancarlo the Minotaur Abyssal Knight began the quest for
                  | the Orb.
     0 | Abyss:1  | Reached XP level 1. HP: 19/19 MP: 1/1
     4 | Abyss:1  | Found a corrupted altar of Lugonu.
   191 | D:1      | Escaped the Abyss
   559 | D:1      | Reached XP level 2. HP: 25/27 MP: 2/2
   753 | D:2      | Reached skill level 4 in Fighting
   943 | D:2      | Noticed Natasha
   948 | D:2      | Noticed a crimson imp
   951 | D:2      | Noticed a crimson imp
   959 | D:2      | Slain by Natasha

Illustrated notes

Levels and vault maps discovered:
D:1:      zaba_arrival_water, layout_basic, shapermc_ecumenical_altar_ellora,
          reono_crystal_passage
D:2:      layout_basic, uniq_natasha

Skill      XL: |  1  2 |
---------------+-------+-----
Invocations    | 2 |  2.3
Fighting       | 4 |  4.0
Axes           | |  2.9
Armour         | |  2.5
Dodging        | |  1.2
Stealth        | |  0.3

Action                   || total
-------------------------++-------
Melee: Hand axe          ||    43
       Headbutt          ||     6
Invok: Bend Space        ||     3
       Depart the Abyss  ||     1
  Use: Scroll            ||     2
Armor: Leather armour    ||     5
       Scale mail        ||    18
Dodge: Dodged            ||    29
